 Dungeon Sprint DCSS version 0.20-a0-1009-gc986637 (webtiles) character file.

72 ColonelCurtis the Basher (level 4, -1/28 HPs)
             Began as a Gargoyle Fighter on Apr 15, 2017.
             Was an Initiate of Qazlal.
             Slain by a two-headed ogre
             ... wielding a +0 giant spiked club
              (12 damage)
             ... in the Dungeon (Sprint IX: "|||||||||||||||||||||||||||||").
             The game lasted 00:00:37 (283 turns).

ColonelCurtis the Basher (Gargoyle Fighter)          Turns: 283, Time: 00:00:38

Health: -1/28      AC: 16    Str: 25    XL:     4   Next: 26%
Magic:  4/4        EV:  5    Int:  8    God:    Qazlal [......]
Gold:   0          SH: 10    Dex: 13    Spells: 3/3 levels left

rFire    . . .     SeeInvis .   a - +0 flail
rCold    . . .     Gourm    .   c - +0 shield
rNeg     + . .     Faith    .   q - +1 chain mail
rPois    ∞         Spirit   .   (no helmet)
rElec    +         Reflect  .   o - +0 cloak
rCorr    .         Harm     .   (no gloves)
MR       .....     NoTele   +   (no boots)
Stlth    ..........             (no amulet)
Regen    0.1/turn               r - +2 ring of protection
MPRegen  0.1/turn               s - +3 ring of dexterity

@: mighty
A: negative energy resistance 1, electricity resistance, unbreathing,
petrification resistance, rot immunity, AC +3
a: Renounce Religion


You were in the Dungeon.
You worshipped Qazlal.
Qazlal was noncommittal.
You were not hungry.

You visited 1 branch

Inventory:

Hand Weapons
 a - a +0 flail (weapon)
Armour
 c - a +0 shield (worn)
 o - a +0 cloak (worn)
 q - a +1 chain mail (worn)
Jewellery
 r - a +2 ring of protection (left hand)
 s - a +3 ring of dexterity (right hand)
Wands
 n - a wand of iceblast (7/15)
Scrolls
 k - 2 scrolls of blinking
 l - 3 scrolls of remove curse
 m - 2 scrolls of amnesia
Potions
 e - 5 potions of curing
 g - 3 potions of heal wounds
 h - a potion of haste
 i - 4 potions of magic
 j - a potion of invisibility
Comestibles
 f - a bread ration


   Skills:
 + Level 3.2 Fighting
 + Level 8.2 Maces & Flails
 + Level 3.2 Armour
 + Level 3.2 Shields


You had 3 spell levels left.
You didn't know any spells.

Dungeon Overview and Level Annotations

Branches:
Dungeon (1/1)

Altars:
Cheibriados
Dithmenos
Elyvilon
Fedhas
Gozag
Hepliaklqana
Kikubaaqudgha
Makhleb
Nemelex Xobeh
Okawaru
Qazlal
Ru
Sif Muna
Trog
Uskayaw
Vehumet
Wu Jian
Xom
Yredelemnul
Zin
The Shining One
Beogh
Jiyva
Lugonu


Innate Abilities, Weirdness & Mutations

You are resistant to torment.
Your stone body is resilient. (AC +3)
You are immune to poison.
You resist negative energy. (rN+)
You are resistant to electric shocks. (rElec)
You can survive without breathing.
You are immune to petrification.
You are immune to rotting.


Message History

Drop what? 19/52 slots (_ for help) (? for menu, Esc to quit)
You drop a +0 scale mail.
You drop a +0 centaur barding.
You start resting.
HP restored.
You open the door.
An adder, an orc warrior, 3 ogres and a wraith come into view.
The two-headed ogre shouts in stereo!
The ogre shouts!
The adder hisses angrily.
The two-headed ogre shouts in stereo!
Unknown command.
Evoke which item? (* to show all) (? for menu, Esc to quit)
Okay, then.
You feel very mighty all of a sudden.
The two-headed ogre hits you with a giant spiked club!
Ouch! That really hurt!
You block the two-headed ogre's attack.
You sock the two-headed ogre!
The two-headed ogre is moderately wounded.
The two-headed ogre hits you with a giant spiked club!
You die... ▓▓▓▓▓▓▓▓▓▓▓▓▓▓▓▓▓▓▓▓▓▓▓▓ _______'..|)....@OOSO.oW ▓▓▓▓▓▓▓▓▓▓▓▓▓▓▓▓▓▓▓▓▓▓▓▓

You could see 2 two-headed ogres, a wraith, an orc warrior, an ogre and an adder.

Vanquished Creatures
  An orc wizard (D)
  A worker ant (D)
  2 adders (D)
  A leopard gecko (D)
  A bat zombie (D)
  A hobgoblin (D)
  A frilled lizard (D)
  2 kobolds (D)
10 creatures vanquished.

Notes
Turn   | Place    | Note
-------+----------+-------------------------------------------
     0 | D        | ColonelCurtis the Gargoyle Fighter began the quest for the Orb.
     0 | D        | Reached XP level 1. HP: 14/14 MP: 1/1
     4 | D        | Reached skill level 3 in Maces & Flails
    19 | D        | Reached skill level 4 in Maces & Flails
   151 | D        | Noticed an orc wizard
   151 | D        | Noticed a worker ant
   154 | D        | Killed an orc wizard
   154 | D        | Reached skill level 6 in Maces & Flails
   154 | D        | Reached XP level 2. HP: 19/19 MP: 2/2
   154 | D        | Reached XP level 3. HP: 23/23 MP: 3/3
   167 | D        | Reached skill level 7 in Maces & Flails
   187 | D        | Reached skill level 8 in Maces & Flails
   187 | D        | Reached XP level 4. HP: 19/28 MP: 4/4
   197 | D        | Found a roughly hewn altar of Beogh.
   197 | D        | Found a snail-covered altar of Cheibriados.
   197 | D        | Found a shadowy altar of Dithmenos.
   197 | D        | Found a white marble altar of Elyvilon.
   197 | D        | Found a blossoming altar of Fedhas.
   197 | D        | Found an opulent altar of Gozag.
   198 | D        | Found a hazy altar of Hepliaklqana.
   199 | D        | Found a viscous altar of Jiyva.
   200 | D        | Found an ancient bone altar of Kikubaaqudgha.
   201 | D        | Found a corrupted altar of Lugonu.
   202 | D        | Found a burning altar of Makhleb.
   203 | D        | Found a sparkling altar of Nemelex Xobeh.
   204 | D        | Found an iron altar of Okawaru.
   205 | D        | Found a stormy altar of Qazlal.
   206 | D        | Found a sacrificial altar of Ru.
   207 | D        | Found a deep blue altar of Sif Muna.
   208 | D        | Found a bloodstained altar of Trog.
   209 | D        | Found a hide-covered altar of Uskayaw.
   210 | D        | Found a radiant altar of Vehumet.
   211 | D        | Found an ornate altar of the Wu Jian Council.
   212 | D        | Found a shimmering altar of Xom.
   213 | D        | Found a basalt altar of Yredelemnul.
   214 | D        | Found a glowing silver altar of Zin.
   217 | D        | Became a worshipper of Qazlal Stormbringer
   220 | D        | Found a glowing golden altar of the Shining One.
   281 | D        | Noticed a two-headed ogre
   281 | D        | Noticed an ogre
   281 | D        | Noticed an orc warrior
   281 | D        | Noticed a two-headed ogre
   281 | D        | Noticed a wraith
   283 | D        | Slain by a two-headed ogre

Vault maps used:
D:        linesprint

Skill      XL: |  1  2  3 |
---------------+----------+-----
Maces & Flails | 6 8 |  8.2
Fighting       | |  3.2
Armour         | |  3.2
Shields        | |  3.2

Action                   |  1- 3 |  4- 6 || total
-------------------------+-------+-------++-------
Melee: Flail             |    50 |     4 ||    54
  Use: Potion            |     1 |     1 ||     2
Armor: Scale mail        |    22 |     5 ||    27
Dodge: Dodged            |    12 |     3 ||    15
Block: Shield            |    22 |     5 ||    27
